Map: Kairos Junction LE

Players

Smeeeger

  • Race: Zerg Zerg
  • League: Platinum
  • Spawn Location: 11:00

Mehdi - Winner!

  • Race: Terran Terran
  • League: Platinum
  • Spawn Location: 5:00

VOD

Have the link to the VOD?

Description

Time

  • Played on: July 12, 2019, 6:29 p.m.
  • Length: 16:16
Show
View Real Time Build Order
Export as new Build Order

Smeeeger Zerg 

Build Orders: Hatch First, Brood Lord Corruptor 

Get SALT Encoding   

  12  0:01  Drone  
  13  0:13  Overlord  
  13  0:17  Drone  
  14  0:32  Drone x2  
  16  0:40  Drone  
  17  0:50  Drone  
  18  0:59  Hatchery  
  17  1:05  Drone  
  18  1:15  Drone  
  19  1:24  Spawning Pool  
  18  1:29  Drone x2, Extractor  
  19  1:41  Drone  
  20  2:15  Queen  
  20  2:18  Drone x3, Queen  
  27  2:26  Zergling x2  
  27  2:28  Overlord  
  28  2:35  Drone  
  28  2:36  Metabolic Boost  
  28  2:40  Overlord  
  28  2:49  Drone  
  28  2:50  Drone  
  30  2:54  Queen  
  32  3:07  Drone x3  
  32  3:10  Hatchery  
  34  3:19  Drone x3  
  37  3:24  Overlord  
  37  3:42  Drone x3  
  37  3:43  Drone x3, Roach Warren  
  37  3:44  Evolution Chamber  
  41  3:49  Zergling x4  
  43  3:57  Drone x2  
  43  4:00  Extractor  
  44  4:03  Extractor  
  44  4:07  Overlord x2  
  43  4:10  Drone x3  
  43  4:11  Drone  
  43  4:16  Drone  
  48  4:23  Lair  
  48  4:33  Queen  
  48  4:35  Drone  
  48  4:36  Drone x5  
  48  4:37  Drone, Overlord x2  
  57  4:44  Zerg Missile Weapons Level 1  
  57  4:47  Drone  
  57  4:48  Drone  
  57  4:51  Spore Crawler  
  58  4:52  Spore Crawler  
  58  4:55  Spore Crawler, Drone x2  
  58  5:10  Drone x2  
  58  5:11  Roach x3  
  66  5:20  Queen  
  66  5:21  Glial Reconstitution  
  68  5:22  Roach  
  68  5:23  Roach x4  
  78  5:29  Drone x2, Baneling Nest  
  78  5:30  Drone  
  80  5:39  Roach x3  
  80  5:40  Drone  
  87  5:48  Ravager  
  88  5:50  Overlord x2  
  88  5:52  Overseer  
  88  5:53  Drone  
  88  5:54  Drone  
  90  6:07  Overlord  
  90  6:08  Overlord  
  90  6:10  Pneumatized Carapace  
  90  6:16  Baneling x4  
  90  6:17  Baneling  
  90  6:19  Drone x2  
  90  6:21  Overlord x3  
  92  6:41  Roach x7  
  92  6:42  Roach  
  108  6:51  Extractor  
  108  6:53  Extractor  
  99  7:24  Infestation Pit  
  99  7:25  Drone x2  
  99  7:26  Drone x3  
  99  7:27  Drone  
  104  7:35  Ravager x2  
  104  7:36  Ravager  
  107  7:37  Ravager  
  107  7:39  Overlord x4  
  108  7:51  Roach x7  
  120  7:55  Hatchery  
  120  7:56  Overlord x5  
  111  8:17  Roach  
  111  8:18  Roach x9  
  131  8:23  Hive  
  119  8:27  Extractor  
  116  8:43  Spire  
  116  8:46  Drone  
  116  8:47  Drone x2  
  118  8:49  Drone x5  
  123  9:05  Zergling x8  
  127  9:16  Evolution Chamber  
  126  9:21  Spore Crawler x2, Drone x2  
  126  9:22  Spore Crawler, Drone x2  
  127  9:26  Drone x2  
  127  9:28  Spore Crawler x2, Drone x2  
  127  9:29  Drone x3, Queen  
  134  9:33  Ravager x3  
  134  9:34  Ravager  
  134  9:36  Spore Crawler x2  
  134  9:38  Drone x7  
  141  9:40  Spore Crawler x2  
  141  9:48  Adrenal Glands  
  141  10:04  Greater Spire  
  141  10:05  Corruptor x4  
  141  10:06  Corruptor x4  
  157  10:15  Extractor  
  157  10:16  Drone x3  
  157  10:17  Drone x3, Extractor  
  157  10:18  Drone  
  157  10:19  Drone x3, Overlord x2  
  111  10:59  Roach x2  
  111  11:00  Roach x3  
  111  11:03  Roach x5  
  128  11:06  Viper, Overseer  
  128  11:07  Roach  
  128  11:08  Roach x4  
  128  11:09  Roach  
  128  11:10  Zergling x2  
  128  11:11  Zergling x14  
  151  11:15  Brood Lord x4  
  159  11:20  Brood Lord  
  159  11:25  Zergling x8  
  164  11:26  Zergling x4  
  164  11:28  Zerg Flyer Armor Level 1  
  167  11:41  Corruptor x3  
  167  11:43  Roach  
  167  11:44  Roach  
  177  11:49  Centrifical Hooks  
  177  12:15  Hatchery  
  176  12:18  Extractor x2  
  168  12:29  Zergling x2  
  154  12:30  Zergling x28  
  164  12:44  Zergling x8  
  158  12:56  Zergling x2  
  158  12:57  Zergling x6  
  135  13:05  Zergling x2  
  135  13:06  Zergling x6, Hydralisk Den  
  131  13:14  Hatchery  
  131  13:16  Hatchery  
  127  13:20  Roach x4  
  135  13:33  Zergling x8  
  131  13:41  Hydralisk x6  
  118  13:45  Muscular Augments  
  125  13:54  Roach x3  
  125  13:55  Roach x7  
  145  14:04  Hydralisk x6  
  145  14:06  Corruptor x3  
  145  14:07  Corruptor  
  145  14:09  Baneling x4  
  165  14:10  Baneling x2  
  165  14:15  Baneling  
  165  14:16  Baneling x4, Ravager  
  167  14:17  Ravager x6  
  167  14:18  Ravager x3  
  167  14:19  Corruptor x2  
  167  14:20  Corruptor x2  
  167  14:21  Hydralisk  
  167  14:22  Hydralisk  
  187  14:33  Brood Lord x3  
  187  14:36  Zergling x2  
  187  14:37  Zergling x10  
  199  14:56  Grooved Spines  
  148  15:20  Hydralisk x12  
  148  15:21  Hydralisk x12  
  134  15:28  Hydralisk  
  136  15:36  Zergling x12  
  136  15:37  Zergling x2  
  141  15:51  Roach  
  141  15:52  Roach x5  
Show
View Real Time Build Order
Export as new Build Order

Mehdi Terran - Winner!

Build Orders: Mech 

Get SALT Encoding   

  12  0:02  SCV  
  13  0:14  SCV  
  13  0:18  Supply Depot  
  14  0:26  SCV  
  15  0:39  SCV  
  15  0:40  Barracks  
  16  0:49  Refinery  
  16  0:52  SCV  
  17  1:04  SCV  
  18  1:18  SCV  
  19  1:27  Marine  
  19  1:30  Orbital Command  
  20  1:42  Command Center  
  20  1:55  Factory  
  20  1:56  SCV  
  21  2:11  SCV  
  22  2:18  Supply Depot  
  22  2:23  SCV  
  22  2:28  Barracks Tech Lab  
  23  2:32  Refinery  
  23  2:40  SCV  
  24  2:52  SCV  
  24  2:56  Siege Tank  
  24  2:57  Orbital Command  
  28  3:03  Supply Depot  
  28  3:04  SCV  
  29  3:07  Bunker  
  29  3:16  SCV  
  30  3:24  SCV  
  31  3:28  SCV  
  32  3:35  Siege Tank  
  32  3:37  SCV  
  36  3:50  SCV x2  
  36  3:54  Command Center  
  38  4:02  Engineering Bay  
  38  4:03  SCV x2  
  38  4:08  Siege Tank  
  38  4:09  Refinery  
  43  4:10  Refinery  
  43  4:13  Armory  
  43  4:15  SCV x2  
  45  4:26  Supply Depot  
  45  4:27  SCV x2  
  47  4:39  SCV x2  
  47  4:40  Siege Tank  
  47  4:44  Missile Turret  
  52  4:47  Missile Turret  
  52  4:51  SCV x2  
  54  5:03  SCV  
  54  5:04  SCV  
  54  5:05  Factory  
  56  5:07  Factory, Orbital Command  
  56  5:18  Thor  
  62  5:23  SCV x2  
  64  5:30  Terran Vehicle Weapons Level 1  
  64  5:33  Armory  
  64  5:35  SCV  
  65  5:36  SCV  
  65  5:40  Orbital Command  
  66  5:54  SCV x2  
  68  6:05  Factory Reactor x2  
  68  6:06  Thor  
  74  6:23  Refinery  
  74  6:24  Refinery  
  74  6:28  SCV x3  
  74  6:31  Sensor Tower  
  77  6:42  Supply Depot x2  
  77  6:43  Supply Depot  
  77  6:46  Missile Turret  
  77  6:59  SCV  
  77  7:03  Hellion x3, SCV  
  77  7:04  Thor, Hellion  
  89  7:11  SCV  
  90  7:15  SCV  
  90  7:16  Orbital Command  
  90  7:30  SCV x2  
  90  7:33  Hellion x4  
  90  7:35  Sensor Tower  
  100  7:42  SCV  
  101  7:45  Factory  
  101  7:52  Factory x2  
  101  7:54  Supply Depot x2  
  101  7:55  Supply Depot  
  101  7:56  Terran Vehicle Weapons Level 2  
  101  7:57  Terran Vehicle And Ship Armor Level 1  
  101  8:06  SCV  
  101  8:08  SCV  
  81  8:24  Hellion x3, Thor  
  91  8:34  Factory Tech Lab  
  93  8:41  Hellion  
  93  8:48  Supply Depot  
  93  8:49  Supply Depot  
  93  8:50  Supply Depot  
  93  8:57  Factory Tech Lab  
  93  8:58  Factory Tech Lab  
  93  9:07  Thor  
  99  9:11  Hellion x4  
  99  9:16  Orbital Command  
  107  9:18  SCV  
  107  9:19  SCV  
  109  9:25  Command Center  
  109  9:31  SCV x2  
  111  9:32  Hellion  
  111  9:37  Hellion  
  111  9:38  Hellion x2  
  119  9:43  SCV x2  
  121  9:48  Missile Turret  
  121  9:50  SCV  
  122  9:55  SCV  
  123  10:03  Hellion x4  
  123  10:04  Supply Depot  
  123  10:05  Supply Depot  
  123  10:06  Supply Depot, SCV x2  
  133  10:10  Sensor Tower  
  133  10:15  Terran Vehicle Weapons Level 3  
  133  10:16  Terran Vehicle And Ship Armor Level 2  
  133  10:17  SCV  
  133  10:18  SCV x2  
  136  10:23  Refinery x2  
  136  10:27  Hellion  
  138  10:29  Supply Depot  
  135  10:38  Infernal Pre-Igniter  
  135  10:40  Smart Servos  
  115  10:52  Hellion, Thor  
  115  10:53  Hellion x2, Thor x2  
  115  10:55  SCV x3  
  132  11:10  Supply Depot, SCV x3  
  135  11:11  Supply Depot  
  135  11:12  Supply Depot  
  135  11:15  Command Center  
  135  11:43  Refinery x2  
  135  11:44  Thor x2, Hellion x2  
  135  11:45  Hellion  
  135  11:46  Missile Turret  
  153  11:50  Planetary Fortress  
  153  11:56  SCV x3  
  156  12:03  Supply Depot  
  156  12:05  Supply Depot  
  156  12:07  Supply Depot  
  156  12:08  Hellion x3, SCV x3  
  164  12:20  SCV x2  
  160  12:22  SCV  
  160  12:29  Thor x4  
  151  12:32  SCV  
  143  12:41  Hellion x2  
  143  12:42  Hellion x2  
  140  12:48  SCV x3  
  117  13:11  Hellion  
  117  13:12  Thor x2, Hellion x3  
  136  13:17  Thor  
  136  13:18  Thor  
  144  13:42  Hellion x3  
  150  13:54  Thor x2  
  163  13:55  SCV x3  
  163  13:56  SCV  
  163  14:00  Thor  
  163  14:01  Hellion x2  
  176  14:07  Supply Depot, SCV  
  177  14:12  Supply Depot  
  177  14:21  SCV x2  
  179  14:28  SCV  
  179  14:29  Supply Depot  
  180  14:32  Supply Depot x2  
  180  14:33  Supply Depot  
  180  14:39  Command Center  
  180  14:40  Hellion x4, Thor  
  188  15:08  Thor x2  
  188  15:09  Hellion  
  188  15:10  Hellion  
  190  15:17  Hellion x3  
  184  15:23  Thor  
  188  15:31  Hellion  
  188  15:32  Planetary Fortress  
  190  15:39  Factory  
  190  15:41  Factory  
  190  15:45  Hellion x2  
  194  15:50  Hellion  
Tags
 
Add a new tag
Caveats
  • Supply blocks, unpowered buildings, or Contaminate may cause inaccurate times.
  • Supply counts are checked every 10 seconds.